 Dungeon Crawl Stone Soup version 0.28-a0-595-g9f6c0e134a (webtiles) character file.

Game seed: 3773819935079392149

35 siradein the Sneak (level 3, -8/26 HPs)
             Began as a Draconian Enchanter on Oct 5, 2021.
             Killed by nerve-wracking pain
             ... invoked by Jessica
              (9 damage)
             ... on level 2 of the Dungeon.
             The game lasted 00:04:11 (1410 turns).

siradein the Sneak (Draconian Enchanter)            Turns: 1410, Time: 00:04:12

Health: -8/26      AC:  5    Str: 10    XL:     3   Next: 16%
Magic:  6/6        EV: 12    Int: 15    God:
Gold:   48         SH:  0    Dex: 12    Spells: 6/6 levels left

rFire   . . .      SeeInvis .   a - +1 dagger
rCold   . . .      Faith    .   (no shield)
rNeg    . . .      Spirit   .   (armour unavailable)
rPois   .          Reflect  .   (helmet restricted)
rElec   .          Harm     .   (no cloak)
rCorr   .          Rampage  .   (no gloves)
Will    .....                   (no boots)
Stlth   ++........              (no amulet)
HPRegen 0.08/turn               (no ring)
MPRegen 0.10/turn               (no ring)

@: no status effects
A: AC +5, unfitting armour, cold-blooded
a: no special abilities


You were on level 2 of the Dungeon.
You visited 1 branch of the dungeon, and saw 2 of its levels.

You collected 48 gold pieces.

Inventory:

Hand Weapons
 a - a +1 dagger (weapon)
 f - a +0 hunting sling
Missiles
 e - 71 stones
 j - 7 poisoned darts (quivered)
Scrolls
 d - a scroll of enchant weapon {unknown}
 g - 2 scrolls of identify {unknown}
 i - a scroll of blinking {unknown}
Potions
 b - a potion of invisibility
 c - a potion of curing {unknown}
 h - a potion of heal wounds {unknown}


   Skills:
 + Level 1.5 Short Blades
 + Level 0.0 Throwing
 + Level 2.1 Dodging
 + Level 3.0 Stealth
 + Level 2.2 Spellcasting
 + Level 3.0 Hexes


You had 6 spell levels left.
You didn't know any spells.
Your spell library contained the following spells:

 Spells                   Type           Power      Damage    Failure   Level
 Ensorcelled Hibernation  Hex/Ice        12%        N/A       19%         2
 Confusing Touch          Hex            10%        N/A       19%         3
 Tukima's Dance           Hex            10%        N/A       19%         3
 Dazzling Flash           Conj/Hex       12%        N/A       34%         3


Dungeon Overview and Level Annotations

Branches:
Dungeon (2/15)

Altars:

Shops:
D:1 *

Annotations:
D:2 Jessica


Innate Abilities, Weirdness & Mutations

Your plain brown scales are hard. (AC +5)
You cannot fit into any form of body armour.
You are cold-blooded and may be slowed by cold attacks.


Message History

Aim: Jessica, wielding a +0 club and wearing a +0 robe (56% to hit)
You throw a poisoned dart. The poisoned dart hits Jessica.
Jessica is poisoned.
Jessica closely misses you. Jessica hits you with a +0 club.
Unknown command.
You closely miss Jessica.
Jessica is lightly wounded.
Jessica hits you with a +0 club.
* * * LOW HITPOINT WARNING * * *
You hit Jessica but do no damage.
Your tail-slap misses Jessica.
Jessica looks more healthy.
Jessica hits you with a +0 club.
* * * LOW HITPOINT WARNING * * *
Jessica closely misses you.
You barely miss Jessica.
Jessica is moderately wounded.
Jessica casts a spell.
Jessica seems to speed up.
You feel yourself speed up. Jessica barely misses you.
You hit Jessica but do no damage.
Jessica is moderately wounded.
Jessica misses you. Jessica hits you with a +0 club.
* * * LOW HITPOINT WARNING * * *
You barely miss Jessica.
Jessica is moderately wounded.
Jessica closely misses you.
You closely miss Jessica.
Jessica is moderately wounded.
Jessica misses you.
You hit Jessica but do no damage.
Jessica is moderately wounded.
Jessica hits you but does no damage. x2
You closely miss Jessica.
Jessica is lightly wounded.
Jessica casts a spell at you.
You barely resist. You hit Jessica but do no damage.
Jessica is lightly wounded.
Jessica points at you and mumbles some strange words.
Pain shoots through your body!
You die...

#.........
#.(......#
#..(.....#
#........####
##............
###
#.............
#<#
#...(.........
#.#
#..@..........
#.#
#..@##........
#.#
#...##.##.####
#.# #...##.# #
#.# ######.#
#.# #.# #.#
#.# #.# #.#
#.# #.# #.#
#.##########


You could see Jessica (fast).

Vanquished Creatures
  A ball python (D:1)
  An endoplasm (D:1)
  4 goblins (D:1)
  2 hobgoblins
  4 jackals (D:1)
  2 quokkas (D:1)
  6 bats (D:1)
  5 frilled lizards
  3 kobolds
  6 rats
  A spectral kobold (D:1)
35 creatures vanquished.

Vanquished Creatures (others)
  7 toadstools (D:1)
7 creatures vanquished.

Grand Total: 42 creatures vanquished

Notes
Turn   | Place    | Note
-------+----------+-------------------------------------------
     0 | D:1      | siradein the Draconian Enchanter began the quest for the
                  | Orb.
     0 | D:1      | Reached XP level 1. HP: 14/14 MP: 3/3
   124 | D:1      | Found Tunabybb's Assorted Antiques.
   380 | D:1      | Reached XP level 2. HP: 17/20 MP: 5/5
   737 | D:1      | Found a faded altar of an unknown god.
   855 | D:1      | Reached XP level 3. HP: 26/26 MP: 6/6
  1394 | D:2      | Noticed Jessica
  1405 | D:2      | HP: 1/26 [Jessica (4)]
  1410 | D:2      | Killed from afar by Jessica

Illustrated notes

Levels and vault maps discovered:
D:1:      nagdon_arrival_double_spiral, layout_loops_ring, serial_shops,
          nicolae_diamond_shop, dreamdust_ecumenical_altar_drowned_temple,
          minmay_pentomino_x2
D:2:      layout_basic, uniq_sigmund, uniq_jessica, uniq_natasha

Skill      XL: |  1  2  3 |
---------------+----------+-----
Dodging        | 2 |  2.1
Stealth        | 3 |  3.0
Hexes          | 3 |  3.0
Short Blades   | |  1.5
Spellcasting   | |  2.2

Action                   || total
-------------------------++-------
Melee: Dagger            ||   119
       Tailslap          ||     6
Throw: Dart              ||     2
 Stab: Sleeping          ||     8
Armor: Skin              ||    49
Dodge: Dodged            ||    84

Table legend: (Time is in decaauts)
 A = Elapsed time spent in this place.
 B = Non-inter-level travel time spent in this place.
 C = Inter-level travel time spent in this place.
 D = Time resting spent in this place.
 E = Time spent auto-exploring this place.
 F = Levels seen in this place.
 G = Mean time per level.
                   A        B        C        D        E       F      G
               +--------+--------+--------+--------+--------+-----+--------+
         Total |   1411 |   1382 |     29 |      0 |   1078 |   2 |  705.5 |
       Dungeon |   1411 |   1382 |     29 |      0 |   1078 |   2 |  705.5 |
               +--------+--------+--------+--------+--------+-----+--------+

Top non-repeatable levels by time:
     D:1: 1143 daAuts
     D:2: 268 daAuts
